 Dungeon Crawl Stone Soup version 0.21.1-1-g345015f (webtiles) character file.

5679 HyperWeapon the Cleaver (level 10, -4/70 HPs)
             Began as a Demonspawn Fighter on June 21, 2018.
             Was an Elder of Makhleb.
             Killed by divine providence
             ... invoked by an orc priest
              (12 damage)
             ... on level 9 of the Dungeon.
             The game lasted 00:59:16 (10039 turns).

HyperWeapon the Cleaver (Demonspawn Fighter)       Turns: 10039, Time: 00:59:16

Health: -4/70      AC: 13    Str: 21    XL:     10   Next: 47%
Magic:  14/14      EV:  7    Int: 11    God:    Makhleb [****..]
Gold:   166        SH: 14    Dex: 12    Spells: 9/9 levels left

rFire    + . .     SeeInvis .   a - +1 war axe (freeze)
rCold    . . .     Gourm    .   r - +3 shield
rNeg     . . .     Faith    .   B - +0 plate armour
rPois    .         Spirit   .   (no helmet)
rElec    .         Reflect  .   p - +0 cloak
rCorr    .         Harm     .   (no gloves)
MR       .....                  (no boots)
Stlth    ..........             (no amulet)
HPRegen  0.21/turn              (no ring)
MPRegen  0.14/turn              (no ring)

@: no status effects
A: hooves 1, repulsion field 2, blink, blurry vision 1, demonic guardian 1, fire
resistance 1, strong 1, wild magic 1
a: Blink, Minor Destruction, Lesser Servant of Makhleb, Major Destruction,
Renounce Religion


You were on level 9 of the Dungeon.
You worshipped Makhleb.
Makhleb was greatly pleased with you.
You were not hungry.

You visited 1 branch of the dungeon, and saw 9 of its levels.

You collected 327 gold pieces.
You spent 161 gold pieces at shops.

Inventory:

Hand Weapons
 a - a +1 war axe of freezing (weapon)
 b - a +0 hunting sling
 e - a +0 morningstar
Missiles
 h - 59 sling bullets
Armour
 f - a +0 ring mail of poison resistance
 p - a +0 cloak (worn)
 r - a +3 shield (worn)
 B - a +0 plate armour (worn)
Jewellery
 g - an uncursed ring of magical power
Wands
 k - a wand of iceblast (6)
 u - a wand of digging (11)
Scrolls
 d - 7 scrolls of remove curse
 i - a scroll of fear
 j - 4 scrolls of identify
 l - 3 scrolls of magic mapping
 m - a scroll of enchant armour
 s - a scroll of fog
 x - a scroll of amnesia
 y - 3 scrolls of teleportation
Potions
 n - 2 potions of curing {unknown}
 o - 2 potions of agility
 v - a potion of degeneration {unknown}
Books
 t - a book of Necromancy

   Spells                             Type                      Level
   a - Pain                           Necromancy                   1
   b - Animate Skeleton               Necromancy                   1
   c - Vampiric Draining              Necromancy                   3
   d - Regeneration                   Charms/Necromancy            3
   e - Animate Dead                   Necromancy                   4
   f - Borgnjor's Vile Clutch         Necromancy/Earth             5
Comestibles
 c - 15 rations
 q - 4 chunks of flesh


   Skills:
 - Level 3.0 Fighting
 + Level 11.1 Axes
 - Level 4.2 Armour
 + Level 8.3 Shields
 - Level 5.4 Invocations


You had 9 spell levels left.
You didn't know any spells.

Dungeon Overview and Level Annotations

Branches:
Dungeon (9/15)             Temple (0/1) D:4
   Lair: D:8-11         Orc: D:9-12

Altars:
Ashenzari
Dithmenos
Makhleb
Nemelex Xobeh
Uskayaw
Vehumet
Wu Jian
Zin
Jiyva

Shops:
D:5 =?[   D:7 =

Annotations:
D:9 1 transporter


Innate Abilities, Weirdness & Mutations

You have large cloven feet.
You are surrounded by a moderate repulsion field. (EV +3)
A weak demonic guardian rushes to your aid.
Your flesh is heat resistant. (rF+)
You can translocate small distances at will.
Scrolls take you a little longer to read.
Your muscles are strong. (Str +2)
Your spells are a little harder to cast, but a little more powerful.


Message History

Your orange demon hits the orc warrior but does no damage.
The orc wizard hits your orange demon but does no damage.
The orc wizard hits you but does no damage.
The orc priest calls down the wrath of Beogh upon you.
Beogh smites you!
* * * LOW HITPOINT WARNING * * *
Your orange demon stings the orc wizard.
Your orange demon hits the orc wizard!
The orc wizard dies!
Makhleb accepts your kill.
The orc priest calls upon Beogh to heal the orc warrior.
The orc warrior is healed somewhat.
You hear a shout!
Okay, then.
The orc priest calls down the wrath of Beogh upon you.
Beogh smites you!
* * * LOW HITPOINT WARNING * * *
The orc priest calls down the wrath of Beogh upon you.
Beogh smites you!
You die...

# .#
##############o!###
.........@o)o.o...#
..........4.......#
#####)))).......#
#)#########.# #.#
oo #.# .
######.##########
..................
..................


You could see an orc warrior, 2 orc priests, an orc and a friendly orange demon.

Vanquished Creatures
  2 two-headed ogres
  Grinder (D:4)
  A hippogriff (D:9)
  3 yaks (D:9)
  The ghost of sking99 the Grasshopper, an amateur NaWr (D:3)
  A steam dragon (D:7)
  29 dancing weapons
  2 insubstantial wisps (D:7)
  2 orc warriors
  5 ogres
  A sky beast (D:7)
  4 bullfrogs
  A gnoll sergeant (D:8)
  A water moccasin skeleton (D:7)
  2 scorpions
  3 killer bees (D:7)
  2 howler monkeys
  A bullfrog zombie (D:5)
  2 crimson imps
  A quasit (D:8)
  4 hounds
  3 orc priests
  A centaur skeleton (D:7)
  7 orc wizards
  2 iguanas
  9 worker ants
  A killer bee zombie (D:6)
  2 hound zombies
  A hound skeleton (D:4)
  4 gnolls (D:8)
  A worker ant zombie (D:3)
  10 adders
  A howler monkey skeleton (D:7)
  A shadow imp (D:6)
  2 adder skeletons (D:6)
  2 adder zombies
  3 worms (D:2)
  3 dart slugs
  5 leopard geckos
  23 orcs
  2 ball pythons
  6 bats
  9 giant cockroaches
  3 goblins
  7 hobgoblins
  4 jackals
  5 quokkas
  6 frilled lizards
  2 kobolds
  A leopard gecko skeleton (D:5)
  A quokka zombie (D:5)
  2 rats (D:1)
198 creatures vanquished.

Vanquished Creatures (collateral kills)
  A hippogriff (D:9)
  The ghost of Zubo the Destroyer, an amateur DECj (D:4)
  A spriggan (D:7)
  A hungry ghost (D:9)
  6 dancing weapons
  An ice beast (D:9)
  An orc warrior (D:9)
  2 sky beasts (D:7)
  3 ogres
  A killer bee (D:7)
  A howler monkey (D:4)
  An orc priest (D:9)
  3 orc wizards
  A worker ant (D:4)
  A shadow imp (D:9)
  4 orcs
  2 jackals (D:6)
31 creatures vanquished.

Vanquished Creatures (others)
  A plant (D:9)
1 creature vanquished.

Grand Total: 230 creatures vanquished

Notes
Turn   | Place    | Note
-------+----------+-------------------------------------------
     0 | D:1      | HyperWeapon the Demonspawn Fighter began the quest for the Orb.
     0 | D:1      | Reached XP level 1. HP: 18/18 MP: 1/1
    45 | D:1      | Reached skill level 2 in Axes
   226 | D:1      | Gained mutation: You are surrounded by a mild repulsion field. (EV +2) [demonic ancestry]
   226 | D:1      | Reached XP level 2. HP: 24/24 MP: 2/2
   886 | D:2      | Found a faded altar of an unknown god.
   894 | D:2      | Became a worshipper of the Wu Jian Council
   894 | D:2      | Reached * piety under Wu Jian
   973 | D:2      | Reached XP level 3. HP: 19/29 MP: 3/3
  1385 | D:2      | Reached skill level 3 in Axes
  2001 | D:3      | Found a glowing silver altar of Zin.
  2001 | D:3      | Found a burning altar of Makhleb.
  2002 | D:3      | Noticed a balrug
  2002 | D:3      | Noticed an angel
  2007 | D:3      | Fell from the grace of Wu Jian
  2007 | D:3      | Became a worshipper of Makhleb the Destroyer
  2133 | D:3      | Noticed a glaive of speed
  2133 | D:3      | Noticed a dire flail of crushing
  2133 | D:3      | Noticed a broad axe of flaming
  2134 | D:3      | Killed a dire flail of crushing
  2134 | D:3      | Killed a glaive of speed
  2135 | D:3      | Killed a broad axe of flaming
  2142 | D:3      | Gained mutation: A weak demonic guardian rushes to your aid. [demonic ancestry]
  2142 | D:3      | Reached XP level 4. HP: 27/35 MP: 4/4
  2402 | D:3      | Noticed sking99's ghost (amateur NaWr)
  2416 | D:3      | Killed sking99's ghost
  2416 | D:3      | Reached skill level 4 in Axes
  2416 | D:3      | Reached XP level 5. HP: 34/41 MP: 5/5
  2610 | D:4      | Gained mutation: Your flesh is heat resistant. (rF+) [demonic ancestry]
  2610 | D:4      | Reached XP level 6. HP: 47/47 MP: 6/6
  2720 | D:4      | Reached skill level 5 in Axes
  2741 | D:4      | Reached * piety under Makhleb
  2758 | D:4      | Noticed Zubo's ghost (amateur DECj)
  3013 | D:4      | Found a staircase to the Ecumenical Temple.
  3056 | D:4      | Killed Zubo's ghost
  3056 | D:4      | Gained mutation: You have large cloven feet. [demonic ancestry]
  3056 | D:4      | Reached XP level 7. HP: 15/52 MP: 7/7
  3286 | D:4      | Noticed Grinder
  3289 | D:4      | Paralysed by Grinder for 3 turns
  3298 | D:4      | Killed Grinder
  3298 | D:4      | Reached skill level 6 in Axes
  4017 | D:5      | Entered Level 5 of the Dungeon
  4255 | D:5      | Found a hide-covered altar of Uskayaw.
  4277 | D:5      | Reached skill level 7 in Axes
  4317 | D:5      | Noticed a rapier of freezing
  4317 | D:5      | Noticed a rapier of electrocution
  4317 | D:5      | Noticed a broad axe of flaming
  4317 | D:5      | Noticed a glaive of electrocution
  4322 | D:5      | Killed a rapier of electrocution
  4325 | D:4      | Found a radiant altar of Vehumet.
  4325 | D:4      | Found a sparkling altar of Nemelex Xobeh.
  4637 | D:5      | Reached ** piety under Makhleb
  4637 | D:5      | Gained mutation: You are surrounded by a moderate repulsion field. (EV +3) [demonic ancestry]
  4637 | D:5      | Reached XP level 8. HP: 20/58 MP: 8/8
  4924 | D:5      | Found Itounire's Jewellery Shoppe.
  5000 | D:5      | Found Liheg's Magic Scroll Shop.
  5008 | D:5      | Bought a scroll of enchant armour for 105 gold pieces
  5011 | D:5      | Bought a scroll of identify for 28 gold pieces
  5027 | D:5      | Found Esaschez's Antique Armour Emporium.
  5378 | D:6      | Reached skill level 5 in Shields
  5538 | D:6      | Reached skill level 8 in Axes
  5590 | D:6      | Found an ornate altar of the Wu Jian Council.
  5700 | D:6      | Noticed a rapier of piercing
  5730 | D:6      | Noticed a rapier of freezing
  5798 | D:6      | Noticed a rapier of piercing
  5987 | D:7      | Found Giobaoh's Jewellery Boutique.
  6205 | D:7      | Reached skill level 9 in Axes
  6205 | D:7      | Reached XP level 9. HP: 47/63 MP: 9/9
  6632 | D:5      | Bought a scroll of identify for 28 gold pieces
  6716 | D:5      | Gained mutation: Your muscles are strong. (Str +2) [potion of mutation]
  6716 | D:5      | Gained mutation: Your spells are a little harder to cast, but a little more powerful. [potion of mutation]
  6716 | D:5      | Gained mutation: Scrolls take you a little longer to read. [potion of mutation]
  6716 | D:5      | Gained mutation: You can translocate small distances at will. [potion of mutation]
  6984 | D:5      | Was forgiven by Wu Jian
  7804 | D:7      | Reached *** piety under Makhleb
  8064 | D:7      | Reached skill level 10 in Axes
  9128 | D:8      | Noticed a two-headed ogre
  9137 | D:8      | Killed a two-headed ogre
  9249 | D:8      | Found a shadowy altar of Dithmenos.
  9310 | D:8      | Reached XP level 10. HP: 70/70 MP: 12/12
  9717 | D:9      | Found a transporter.
  9728 | D:9      | Found a viscous altar of Jiyva.
  9905 | D:9      | Noticed a two-headed ogre
  9921 | D:9      | Killed a two-headed ogre
  9921 | D:9      | Reached skill level 11 in Axes
  9921 | D:9      | Reached skill level 5 in Invocations
  9950 | D:9      | Found a shattered altar of Ashenzari.
  9954 | D:9      | Saw a vision of the Swamp and the Snake Pit.
  9954 | D:9      | Noticed an alligator
  9954 | D:9      | Noticed an anaconda
  9954 | D:9      | Noticed a black mamba
  9954 | D:9      | Noticed a naga ritualist
  9957 | D:9      | Noticed a black mamba
 10036 | D:9      | Reached **** piety under Makhleb
 10039 | D:9      | Killed from afar by an orc priest

Skill      XL: |  1  2  3  4  5  6  7  8  9 10 |
---------------+-------------------------------+-----
Axes           | 2 3 4 5 7 9 10 11 | 11.1
Armour         | 3 4 |  4.2
Shields        | 3 4 5 7 8 |  8.3
Invocations    | 2 5 |  5.4
Fighting       | |  3.0

Action                   |  1- 3 |  4- 6 |  7- 9 | 10-12 || total
-------------------------+-------+-------+-------+-------++-------
Melee: War axe           |   136 |    67 |   443 |   120 ||   766
       Kick              |       |       |   114 |    37 ||   151
       Hand axe          |       |       |     9 |       ||     9
Invok: Whirlwind         |    23 |       |       |       ||    23
       Lunge             |     6 |       |       |       ||     6
       Minor Destruction |       |       |     3 |     1 ||     4
       Lesser Servant of |       |       |       |     2 ||     2
Evoke: Wand              |       |       |       |     3 ||     3
  Use: Potion            |     1 |       |     6 |       ||     7
       Scroll            |       |    10 |    13 |       ||    23
 Stab: Distracted        |       |       |     1 |     3 ||     4
  Eat: Chunk             |     2 |     2 |    10 |     3 ||    17
       Ration            |     1 |       |     3 |       ||     4
Armor: Scale mail        |    59 |    23 |    61 |       ||   143
       Chain mail        |       |       |    35 |       ||    35
       Plate armour      |       |       |    10 |    45 ||    55
Dodge: Dodged            |    44 |    22 |   103 |    23 ||   192
Block: Shield            |    70 |    28 |   219 |    79 ||   396
